AoeStats
← kkkg

Lombardia

508773621Analyzed
3v3 RM · 8d ago on Sep 24, 2026· 55m 32s· 6 players
Game mode
Random Map
Map size
Normal (6 player)
Population
200
Speed
Normal
Resources
Standard
Victory
Conquest
Starting age
Dark Age
Ending age
Imperial Age
RankedLock teamsTeams togetherTeam positionsShared explorationLock speedFull tech treeHidden civsTurbo modeCheats
Victory
Defeat
🇺🇸 Inca · United States
993
+16
🇺🇸 Franks · United States
957
+53
🇺🇸 Magyars · United States
957
+53
🇦🇺 Portuguese · Australia
1031
-18
🇺🇸 Turks · United States
1010
-18
🇨🇳 Poles · China
963
-16
Pine
10:12 Feudal Age
10:35 Champi Runner
17:18 Scale Mail Armor
19:48 Loom
22:30 Castle Age
22:43 Fletching
23:10 Crossbowman
25:34 Thumb Ring
25:26 Bodkin Arrow
26:44 Double-Bit Axe
27:13 Padded Archer Armor
28:17 Bow Saw
32:20 Wheelbarrow
31:34 Town Watch
32:10 Leather Archer Armor
39:02 Imperial Age
40:01 Ballistics
40:03 Arbalester
40:05 Elite Skirmisher
40:54 Bracer
43:02 Chemistry
43:05 Ring Archer Armor
45:43 Town Patrol
46:03 Hand Cart
Novorosi
10:38 Feudal Age
12:05 Loom
21:02 Double-Bit Axe
21:10 Gold Mining
26:43 Castle Age
25:19 Wheelbarrow
28:15 Bow Saw
28:43 Gold Shaft Mining
28:00 Stone Mining
28:23 Forging
28:14 Scale Mail Armor
28:19 Scale Barding Armor
28:30 Light Cavalry
29:21 Pikeman
32:30 Iron Casting
32:10 Chain Mail Armor
32:16 Chain Barding Armor
32:40 Husbandry
36:14 Fletching
36:25 Padded Archer Armor
36:41 Gambesons
36:56 Squires
38:07 Leather Archer Armor
42:51 Hand Cart
43:17 Caravan
46:48 Imperial Age
45:29 Bodkin Arrow
47:22 Halberdier
47:43 Cavalier
49:22 Paladin
51:23 Blast Furnace
52:29 Plate Mail Armor
52:34 Plate Barding Armor
53:34 Arson
Grampa Beezos
7:28 Loom
10:13 Feudal Age
10:57 Double-Bit Axe
10:54 Horse Collar
18:29 Wheelbarrow
21:18 Castle Age
21:25 Stone Mining
21:28 Gold Mining
21:48 Scale Barding Armor
21:59 Bloodlines
22:14 Bow Saw
23:18 Gold Shaft Mining
27:23 Chain Barding Armor
28:31 Hand Cart
31:40 Ballistics
39:55 Imperial Age
38:46 Corvinian Army
39:49 Thumb Ring
41:38 Two-Man Saw
40:32 Fletching
40:42 Padded Archer Armor
40:47 Recurve Bow
42:15 Chemistry
41:11 Murder Holes
41:41 Conscription
41:51 Heavy Plow
41:40 Town Watch
42:34 Hoardings
42:29 Murder Holes
42:13 Elite Magyar Huszar
43:11 Bodkin Arrow
43:31 Leather Archer Armor
43:51 Plate Barding Armor
44:02 Heavy Cavalry Archer
45:42 Parthian Tactics
45:52 Bracer
46:22 Ring Archer Armor
53:38 Scale Mail Armor
NMac42
8:32 Loom
11:13 Feudal Age
17:53 Castle Age
15:52 Horse Collar
16:55 Stone Mining
16:53 Double-Bit Axe
22:28 Forging
25:54 Heavy Plow
31:33 Scale Barding Armor
34:19 Imperial Age
33:09 Man-at-Arms
35:24 Long Swordsman
37:43 Heavy Camel Rider
37:45 Two-Handed Swordsman
38:26 Champion
40:35 Gold Mining
44:23 Iron Casting
46:44 Bloodlines
47:37 Conscription
48:41 Elite Janissary
kkkg
11:38 Feudal Age
12:41 Double-Bit Axe
12:58 Horse Collar
25:24 Castle Age
26:57 Heavy Plow
27:09 Bow Saw
34:36 Szlachta Privileges
36:46 Forging
36:41 Scale Barding Armor
38:42 Husbandry
38:53 Bloodlines
39:54 Wheelbarrow
39:05 Loom
39:06 Town Watch
39:37 Gold Mining
39:40 Stone Mining
42:30 Iron Casting
42:16 Chain Barding Armor
42:25 Hand Cart
42:14 Town Patrol
48:12 Imperial Age
49:05 Ballistics
48:26 Treadmill Crane
48:27 Cavalier
50:45 Blast Furnace
49:36 Fletching
49:47 Padded Archer Armor
50:39 Elite Skirmisher
51:25 Thumb Ring
52:34 Stone Shaft Mining
52:53 Cavalier
54:41 Onager
roganjosh
11:22 Feudal Age
9:39 Loom
11:52 Double-Bit Axe
18:25 Castle Age
18:50 Pikeman
20:23 Bow Saw
21:23 Town Watch
27:13 Horse Collar
28:11 Wheelbarrow
28:39 Gold Mining
28:39 Stone Mining
31:04 Heavy Plow
32:34 Hand Cart
38:41 Imperial Age
36:34 Ballistics
36:25 Fortified Wall
36:13 Murder Holes
36:39 Ballistics
36:57 Circumnavigation
37:08 Town Patrol
37:13 Gambesons
37:13 Arson
38:57 Stone Mining
39:56 Crop Rotation
40:27 Two-Man Saw
39:49 Conscription
39:30 Arquebus
39:03 Halberdier
41:35 Chemistry
40:40 Siege Engineers
40:44 Elite Organ Gun
41:48 Forging
41:39 Scale Mail Armor
43:50 Iron Casting
43:31 Chain Mail Armor
43:06 Fletching
45:53 Blast Furnace
45:48 Plate Mail Armor
50:53 Stone Shaft Mining
Connection lost

Rejoining the realm…

Still unreachable

The connection could not be restored.

Session expired

The server has moved on; the page needs a fresh start.